 Dungeon Crawl Stone Soup version 0.24.0-29-g8ce449bc06 (webtiles) character file.

Game seed: 12861699190545558105, levelgen mode: deterministic

44 night the Scratcher (level 3, -1/15 HPs)
             Began as a Felid Transmuter on Nov 14, 2019.
             Hit by a goblin thrown by Robin (2 damage)
             ... on level 2 of the Dungeon.
             The game lasted 00:03:26 (1637 turns).

night the Scratcher (Felid Transmuter)              Turns: 1637, Time: 00:03:26

Health: -1/15      AC:  1    Str:  7    XL:     3   Next: 39%
Magic:  7/7        EV: 18    Int: 14    God:
Gold:   68         SH:  0    Dex: 16    Spells: 3/6 levels left
                                        Lives:  0   Deaths: 0

rFire    . . .     SeeInvis +     - Unarmed
rCold    . . .     Gourm    .   (shield unavailable)
rNeg     . . .     Faith    .   (armour unavailable)
rPois    .         Spirit   .   (helmet unavailable)
rElec    .         Reflect  .   (cloak unavailable)
rCorr    .         Harm     .   (gloves unavailable)
MR       .....                  (boots unavailable)
Stlth    ++........             (no amulet)
HPRegen  0.05/turn              (no ring)
MPRegen  0.10/turn              (no ring)

@: quick
A: very small, no armour, no weapons or thrown items, stealth, claws 1, fangs 3,
see invisible, carnivore, speed 1, shaggy fur 1, slow metabolism 1, sharp paws
a: no special abilities


You were on level 2 of the Dungeon.
You were completely stuffed.

You visited 1 branch of the dungeon, and saw 2 of its levels.

You collected 68 gold pieces.

Inventory:

Missiles
 a - 34 arrows
Jewellery
 i - an uncursed ring of fire
Scrolls
 d - a scroll of fear {unknown}
 f - a scroll of magic mapping {unknown}
 j - a scroll of remove curse {unknown}
 l - 2 scrolls of identify {unknown}
 m - a scroll of fog {unknown}
 n - a scroll of blinking {unknown}
Potions
 b - a potion of curing {unknown}
 e - a potion of brilliance {unknown}
 g - a potion of might {unknown}
 k - a potion of lignification {unknown}
Comestibles
 c - 5 rations
 h - a chunk of flesh


   Skills:
 - Level 1.0 Fighting
 - Level 2.6 Dodging
 + Level 1.4 Stealth
 * Level 3.7 Unarmed Combat
 - Level 2.0 Spellcasting
 * Level 3.2 Transmutations


You had 3 spell levels left.
You knew the following spells:

 Your Spells              Type           Power        Failure   Level  Hunger
a - Beastly Appendage     Tmut           ##....       6%          1    ##.....
b - Sticks to Snakes      Tmut           ##......     10%         2    ###....

Your spell library contained the following spells:

 Spells                   Type           Power        Failure   Level  Hunger
 Spider Form              Tmut/Pois      #.........   36%         3    ####...
 Ice Form                 Ice/Tmut       #.......     77%         4    #####..
 Blade Hands              Tmut           ##........   87%         5    ######.


Dungeon Overview and Level Annotations

Branches:
Dungeon (2/15)

Altars:

Annotations:
D:2 Robin


Innate Abilities, Weirdness & Mutations

You cannot wear armour.
You are incapable of wielding weapons or throwing items.
Your paws allow you to move quietly. (Stealth)
You have sharp claws.
You have razor-sharp teeth.
You have supernaturally acute eyesight. (SInv)
You are carnivorous and can eat meat at any time.
You cover ground quickly.
You are covered in fur. (AC +1)
You have a slow metabolism.
Your sharp claws are effective at attacking unaware monsters.


Message History

The bat barely misses you. The bat closely misses you.
Robin throws the goblin at you! The bat barely misses you.
You scratch the goblin.
The goblin is severely wounded.
The bat closely misses you. The goblin closely misses you.
The goblin completely misses you.
You barely miss the goblin.
The goblin is severely wounded.
The bat completely misses you. x2; The goblin hits you with a +0 club!
Ouch! That really hurt!
* * * LOW HITPOINT WARNING * * *
The bat hits you but does no damage.
You claw the goblin!
You kill the goblin!
The bat closely misses you. The bat hits you but does no damage.
The bat hits you.
* * * LOW HITPOINT WARNING * * *
Robin throws the goblin at you!
You die...

#..)<......#
#.##.......#
#.##.......#
#g##.......#
###.##########
#..g..#
#.#.#.#
.###.#.#b#.#
.......@g# #
####.#.###
#... ###. ##


You could see Robin, 2 goblins and a bat.

Vanquished Creatures
  A gnoll (D:1)
  An ooze (D:1)
  3 goblins
  7 hobgoblins
  4 kobolds (D:1)
  A ball python (D:1)
  5 bats (D:1)
  3 frilled lizards (D:1)
  2 rats (D:1)
27 creatures vanquished.

Notes
Turn   | Place    | Note
-------+----------+-------------------------------------------
     0 | D:1      | night the Felid Transmuter began the quest for the Orb.
     0 | D:1      | Reached XP level 1. HP: 9/9 MP: 4/4
   451 | D:1      | Reached XP level 2. HP: 8/12 MP: 6/6
   537 | D:1      | Learned a level 2 spell: Sticks to Snakes
  1115 | D:1      | Reached XP level 3. HP: 11/15 MP: 7/7
  1235 | D:1      | Reached skill level 1 in Stealth
  1623 | D:2      | Identified the +0 helmet of the Onion {Str+2}
  1623 | D:2      | Noticed Robin
  1637 | D:2      | Hit by a goblin thrown by Robin

Levels and vault maps discovered:
D:1:      wheals_arrival_shading, layout_basic, minmay_quantized
D:2:      layout_loops_cross, first_ration, uniq_robin

Skill      XL: |  1  2  3 |
---------------+----------+-----
Transmutations | 3 |  3.2
Stealth        | 1 |  1.4
Fighting       | |  1.0
Dodging        | |  2.6
Unarmed Combat | |  3.7
Spellcasting   | |  2.0

Action                   || total
-------------------------++-------
Melee: Unarmed           ||    94
       Bite              ||     2
       Headbutt          ||     1
       Punch             ||     1
 Cast: Beastly Appendage ||     6
 Stab: Sleeping          ||     3
  Eat: Chunk             ||     9
Armor: Skin              ||     8
Dodge: Dodged            ||    88
